 Dungeon Crawl Stone Soup version 0.17.1-1-g73c8601 (webtiles) character file.

144 PossumBlood the Slasher (level 5, 0/43 HPs)
             Began as a Formicid Fighter on Dec 18, 2015.
             Succumbed to an orc wizard's poison
             ... on level 3 of the Dungeon.
             The game lasted 00:08:16 (2206 turns).

PossumBlood the Slasher (Formicid Fighter)          Turns: 2206, Time: 00:08:16

Health: 0/43       AC: 13    Str: 26    XL:     5   Next: 51%
Magic:  5/5        EV:  6    Int:  8    God:
Gold:   298        SH: 10    Dex: 10    Spells: 0 memorised, 4 levels left

rFire  . . .     SeeInvis +     p - +0 great sword
rCold  . . .     Clarity  .     g - +3 chain mail
rNeg   . . .     SustAt   .     c - +0 shield
rPois  .         Gourm    .     (helmet unavailable)
rElec  .         Spirit   .     (no cloak)
rCorr  .         Warding  .     b - +0 pair of gloves
rMut   .         Stasis   +     (no boots)
MR     .....                    (no amulet)
Stlth  ..........               (no ring)
                                h - ring of stealth

@: mighty, lethally poisoned (0 -> -9), not resistant to hostile enchantments,
extremely unstealthy
A: permanent stasis, dig shafts and tunnels, four strong arms, antennae 3
a: Dig, Shaft Self


You were on level 3 of the Dungeon.
You were not hungry.

You visited 1 branch of the dungeon, and saw 3 of its levels.

You collected 298 gold pieces.

Inventory:

Hand Weapons
 a - a +1 long sword
 p - a +0 great sword (weapon)
Armour
 b - a +0 pair of gloves (worn)
 c - a +0 shield (worn)
 g - a +3 chain mail (worn)
 k - a +0 plate armour
Jewellery
 h - a ring of stealth (left hand)
 l - a +3 ring of dexterity {unknown}
Scrolls
 f - 4 scrolls of identify
Potions
 i - a potion of agility
 n - 3 potions of haste
 o - a potion of magic
Comestibles
 e - a bread ration
 j - 2 slices of pizza
 m - 3 fruits


   Skills:
 + Level 4.4 Fighting
 * Level 4.5 Long Blades
 - Level 3.2 Armour
 - Level 3.6 Shields


You had 4 spell levels left.
You didn't know any spells.

Dungeon Overview and Level Annotations

Branches:
Dungeon (3/15)

Altars:


Innate Abilities, Weirdness & Mutations

You are under a permanent stasis effect.
You can dig through walls and to a lower floor.
Your four strong arms can wield two-handed weapons with a shield.
You have a pair of large antennae on your head (SInv).


Message History

Something smites you!
* * * LOW HITPOINT WARNING * * *
Drink which item? (? for menu, Esc to quit)
Okay, then.
Drink which item? (? for menu, Esc to quit)
Okay, then.
Drink which item? (? for menu, Esc to quit)
Your magic is already full.
Firing (i - inventory): No suitable missiles.
Press: ? - help, Shift-Dir - straight line, f - adder
Aim: an adder
Okay, then.
You are too injured to fight recklessly!
You are too injured to fight recklessly!
You are too injured to fight recklessly!
You are too injured to fight recklessly!
You are too injured to fight recklessly!
You are too injured to fight recklessly!
You closely miss the adder.
You die...

.. ..# #.. ... ...####.#
#..##.....#.# ##
(......>...[###....
###...........o{..#
##.#.. ......oo#####
##....# #.###..S##
#.....###.###..#@######.#
....(.....{...###.......#
#......()......#.########
##...(########..## ##.#.#
#.## ###.## #.#
##..#######.#
#..........<.
#.#.#####.###


You could see an orc priest, an adder and an orc.

Vanquished Creatures
  An orc priest (D:3)
  An orc wizard (D:3)
  2 adders (D:2)
  An ooze (D:1)
  A worm (D:2)
  6 orcs (D:3)
  A ball python (D:2)
  3 giant cockroaches
  6 goblins
  9 hobgoblins
  9 kobolds
  8 bats
  A giant gecko (D:3)
  2 giant newts
  2 quokkas (D:2)
  9 rats
  2 fungi (D:2)
64 creatures vanquished.

Notes
Turn   | Place    | Note
--------------------------------------------------------------
     0 | D:1      | PossumBlood the Formicid Fighter began the quest for the Orb.
     0 | D:1      | Reached XP level 1. HP: 18/18 MP: 1/1
   215 | D:1      | Reached XP level 2. HP: 24/24 MP: 2/2
   524 | D:1      | Reached XP level 3. HP: 29/29 MP: 3/3
  1224 | D:2      | Reached XP level 4. HP: 34/37 MP: 4/4
  1780 | D:3      | Reached skill level 4 in Fighting
  1843 | D:3      | Reached XP level 5. HP: 14/42 MP: 5/5
  2205 | D:3      | HP: 1/43 [orc priest/divine providence (14)]
  2206 | D:3      | Succumbed to an orc wizard's poison

Action                   |  1- 3 |  4- 6 || total
-------------------------+-------+-------++-------
Melee: Long sword        |   155 |    97 ||   252
       Great sword       |       |     8 ||     8
  Use: Scroll            |     8 |       ||     8
       Potion            |       |     2 ||     2
  Eat: Bread ration      |     1 |       ||     1
